AoeStats
← Fedequemero73

Black Forest

507024376Analyzed
4v4 RM · 17d ago on Sep 16, 2026· 111m 19s· 8 players
Game mode
Random Map
Map size
Large (8 player)
Population
200
Speed
Normal
Resources
Standard
Victory
Conquest
Starting age
Dark Age
Ending age
Imperial Age
RankedLock teamsTeams togetherTeam positionsShared explorationLock speedFull tech treeHidden civsTurbo modeCheats
Victory
Defeat
🇨🇳 Teutons · China
740
+13
🇫🇷 Vikings · France
677
+15
645
+17
🇧🇷 Khmer · Brazil
597
+19
🇺🇦 Byzantines · Ukraine
751
-20
🇪🇸 Spanish · Spain
726
-19
🇪🇸 Britons · Spain
592
-13
🇫🇷 Koreans · France
574
-12
Ryô Saeba
0:47 Loom
13:06 Feudal Age
18:43 Castle Age
17:46 Double-Bit Axe
20:54 Horse Collar
29:12 Heavy Plow
29:09 Arson
29:35 Town Watch
30:50 Stone Mining
32:23 Scale Mail Armor
35:34 Imperial Age
34:37 Chain Mail Armor
34:35 Forging
34:27 Squires
34:46 Gold Mining
35:12 Bow Saw
35:22 Gambesons
36:45 Conscription
35:55 Elite Berserk
37:27 Fortified Wall
38:18 Chemistry
36:59 Treadmill Crane
38:40 Iron Casting
38:35 Plate Mail Armor
38:29 Masonry
39:12 Crop Rotation
40:23 Blast Furnace
40:53 Chieftains
45:08 Fletching
45:48 Bodkin Arrow
47:33 Ballistics
47:24 Man-at-Arms
49:08 Siege Engineers
48:41 Long Swordsman
50:15 Bodkin Arrow
49:46 Two-Handed Swordsman
52:00 Crossbowman
54:20 Two-Man Saw
52:42 Arbalester
53:53 Onager
55:01 Caravan
56:11 Champion
81:44 Light Cavalry
85:03 Scale Barding Armor
87:10 Chain Barding Armor
marcoo_chiosi
15:00 Feudal Age
13:16 Loom
15:46 Double-Bit Axe
15:43 Horse Collar
15:51 Town Watch
16:42 Wheelbarrow
23:47 Castle Age
23:43 Stone Mining
23:44 Gold Mining
25:03 Bow Saw
24:56 Heavy Plow
25:13 Hand Cart
24:59 Town Patrol
26:22 Gold Shaft Mining
26:22 Stone Shaft Mining
32:16 Imperial Age
33:28 Crop Rotation
33:19 Masonry
33:05 Murder Holes
33:20 Fortified Wall
34:11 Chemistry
33:32 Ballistics
35:40 Forging
35:21 Fletching
35:31 Padded Archer Armor
35:32 Scale Mail Armor
35:37 Scale Barding Armor
38:53 Architecture
38:14 Heated Shot
38:41 Leather Archer Armor
38:22 Bodkin Arrow
39:02 Iron Casting
38:43 Chain Mail Armor
37:57 Light Cavalry
38:48 Bloodlines
38:38 Husbandry
38:24 Man-at-Arms
38:25 Pikeman
38:51 Arson
39:31 Long Swordsman
43:14 Blast Furnace
42:14 Bracer
42:45 Ring Archer Armor
42:36 Chain Barding Armor
41:52 Hussar
41:56 Two-Handed Swordsman
42:03 Halberdier
46:39 Elite Ballista Elephant
47:54 Hoardings
50:01 Sappers
50:32 Tusk Swords
56:44 Plate Barding Armor
82:22 Elite Battle Elephant
打死你们这些外国人
0:49 Loom
15:26 Feudal Age
16:53 Wheelbarrow
16:02 Horse Collar
16:12 Double-Bit Axe
18:15 Stone Mining
25:25 Castle Age
26:26 Bow Saw
27:38 Caravan
28:18 Heavy Plow
28:38 Gold Mining
29:26 Stone Shaft Mining
29:35 Stone Shaft Mining
29:36 Hand Cart
29:36 Town Watch
30:32 Forging
30:13 Fletching
30:28 Scale Barding Armor
30:24 Padded Archer Armor
31:24 Gold Shaft Mining
34:18 Imperial Age
32:15 Husbandry
33:39 Ballistics
34:07 Bodkin Arrow
34:47 Iron Casting
34:28 Bloodlines
35:28 Tusk Swords
36:35 Chain Barding Armor
36:31 Leather Archer Armor
36:52 Bracer
37:53 Blast Furnace
37:17 Conscription
38:13 Crop Rotation
38:28 Plate Barding Armor
38:56 Chemistry
39:09 Siege Engineers
39:40 Ring Archer Armor
39:51 Town Patrol
40:34 Double Crossbow
40:55 Elite Ballista Elephant
57:19 Light Cavalry
57:21 Cavalier
58:05 Scale Mail Armor
58:35 Parthian Tactics
60:15 Hussar
zar
16:04 Feudal Age
18:19 Horse Collar
18:32 Double-Bit Axe
21:44 Castle Age
20:49 Stone Mining
20:55 Gold Mining
22:59 Heavy Plow
26:24 Bow Saw
31:00 Caravan
36:43 Imperial Age
36:13 Forging
36:04 Scale Mail Armor
37:30 Stone Shaft Mining
38:17 Crop Rotation
39:02 Two-Man Saw
39:15 Iron Casting
39:02 Chain Mail Armor
39:43 Iron Casting
40:35 Guilds
43:52 Blast Furnace
43:23 Plate Mail Armor
43:21 Padded Archer Armor
44:42 Chemistry
44:04 Ballistics
46:57 Conscription
47:25 Elite Teutonic Knight
54:08 Leather Archer Armor
56:45 Squires
57:22 Ring Archer Armor
95:51 Pikeman
96:18 Arson
96:19 Gambesons
95:54 Man-at-Arms
105:24 Halberdier
105:26 Long Swordsman
108:40 Two-Handed Swordsman
108:56 Two-Handed Swordsman
111:19 Champion
Fedequemero73
0:28 Loom
18:38 Feudal Age
24:10 Castle Age
22:26 Double-Bit Axe
22:39 Fletching
22:50 Padded Archer Armor
23:49 Gold Mining
24:12 Pikeman
25:48 Crossbowman
26:16 Gambesons
33:16 Wheelbarrow
32:36 Town Watch
34:41 Caravan
35:10 Hand Cart
36:02 Gold Shaft Mining
39:21 Imperial Age
37:16 Bodkin Arrow
37:46 Squires
39:23 Leather Archer Armor
39:19 Forging
39:10 Scale Mail Armor
39:36 Stone Mining
40:09 Ballistics
39:46 Murder Holes
40:04 Masonry
40:30 Conscription
41:27 Chemistry
41:01 Town Patrol
42:53 Architecture
42:21 Halberdier
43:48 Arbalester
45:30 Yeomen
46:55 Bracer
47:26 Ring Archer Armor
47:14 Chain Mail Armor
47:34 Iron Casting
47:47 Bow Saw
47:30 Arson
49:07 Warwolf
63:53 Blast Furnace
63:24 Plate Mail Armor
82:26 Fortified Wall
92:49 Guilds
Vatekushé420_ૐ
14:12 Feudal Age
14:54 Double-Bit Axe
16:50 Wheelbarrow
18:38 Horse Collar
20:01 Arson
22:47 Castle Age
23:32 Forging
25:27 Heavy Plow
25:23 Stone Mining
25:44 Squires
25:06 Pikeman
30:05 Fervor
30:38 Bow Saw
32:51 Caravan
33:29 Stone Shaft Mining
34:41 Hand Cart
34:14 Town Watch
37:04 Iron Casting
36:29 Scale Mail Armor
36:40 Scale Barding Armor
36:47 Husbandry
40:14 Town Patrol
40:50 Ballistics
40:13 Treadmill Crane
41:00 Masonry
41:53 Gambesons
46:01 Imperial Age
43:20 Loom
47:09 Conscription
47:23 Shinkichon
46:24 Elite War Wagon
46:33 Halberdier
48:23 Two-Man Saw
47:39 Guilds
47:59 Coinage
50:54 Chemistry
52:22 Heavy Rocket Cart
55:59 Chain Barding Armor
55:48 Siege Engineers
56:14 Architecture
55:37 Heated Shot
63:46 Gold Mining
73:25 Murder Holes
74:10 Gold Shaft Mining
103:43 Elite Fire Lancer
TerciosBlanquiazules
0:29 Loom
11:49 Feudal Age
19:28 Castle Age
19:33 Double-Bit Axe
19:31 Horse Collar
31:38 Imperial Age
34:45 Bow Saw
34:39 Heavy Plow
39:25 Elite Conquistador
45:22 Cavalier
46:02 Husbandry
47:31 Onager
48:37 Ballistics
49:17 Chemistry
64:12 Pikeman
65:17 Halberdier
78:11 Forging
78:02 Scale Mail Armor
79:09 Two-Man Saw
80:21 Iron Casting
80:02 Chain Mail Armor
107:38 Blast Furnace
106:44 Scale Barding Armor
107:17 Plate Mail Armor
stefan
10:30 Loom
13:45 Feudal Age
14:14 Double-Bit Axe
14:09 Horse Collar
22:48 Castle Age
20:56 Stone Mining
21:00 Gold Mining
24:54 Bow Saw
25:16 Heavy Plow
25:30 Forging
25:26 Scale Barding Armor
26:51 Wheelbarrow
28:39 Caravan
29:03 Fortified Wall
30:01 Atonement
30:39 Murder Holes
31:10 Hand Cart
33:00 Gold Shaft Mining
34:19 Iron Casting
34:05 Chain Barding Armor
34:11 Chain Barding Armor
35:27 Stone Shaft Mining
38:50 Imperial Age
36:53 Scale Mail Armor
39:01 Chain Mail Armor
38:08 Pikeman
38:49 Squires
38:35 Gambesons
39:18 Ballistics
40:49 Chemistry
41:14 Two-Man Saw
40:06 Elite Cataphract
41:07 Conscription
40:38 Halberdier
42:09 Bombard Tower
42:00 Husbandry
45:08 Logistica
45:36 Hoardings
46:40 Crop Rotation
48:06 Heavy Camel Rider
48:07 Cavalier
50:10 Plate Barding Armor
50:06 Plate Mail Armor
53:38 Fletching
53:48 Padded Archer Armor
53:51 Arrowslits
53:49 Treadmill Crane
59:29 Paladin
61:08 Arson
72:52 Heavy Cavalry Archer
73:38 Thumb Ring
98:44 Crossbowman
99:16 Arbalester
100:09 Bodkin Arrow
101:13 Bracer
106:44 Leather Archer Armor
Connection lost

Rejoining the realm…

Still unreachable

The connection could not be restored.

Session expired

The server has moved on; the page needs a fresh start.